[Event "*** Titled Tuesday Blitz"]
[Site "Chess.com"]
[Date "2020.10.27"]
[Round "10"]
[White "vova-79"]
[Black "MarceloPlaya"]
[Result "1-0"]
[WhiteElo "2495"]
[BlackElo "2265"]
[TimeControl "180+1"]
[EndTime "11:56:56 PDT"]
[Termination "vova-79 won on time"]

1. d4 e6 2. c4 Nf6 3. Nc3 Bb4 4. e3 O-O 5. Ne2 c5 6. a3 Bxc3+ 7. Nxc3 d6 8. b4 cxb4 9. axb4 Nc6 10. b5 Ne7 11. Ba3 Qc7 12. Be2 d5 13. c5 b6 14.
O-O Bb7 15. Qb3 e5 16. c6 Bc8 17. Bxe7 Qxe7 18. Nxd5 Nxd5 19. Qxd5 exd4 20. Qxd4 Rd8 21.
Qc3 Be6 22. Rfc1 Rd5 23. Rd1 Rc5 24. Qd4 Rd5 25. Qxb6 Rxd1+ 26. Bxd1 axb6 27. Rxa8+ Qf8 28. Rxf8+ Kxf8 29. e4 Ke7 30. Be2 Kd6 31. f3 Kc5 32.
Kf2 f6 33. Ke3 Bf7 34. f4 Be6 35. h3 g6 36. Bg4 f5 37. exf5 gxf5 38. Be2 Bd5 39.
g4 fxg4 40. hxg4 Be6 41. f5 Bf7 42. Kf4 Kd6 43. g5 Ke7 44. Ke5 Be8 45. Bd3 Kd8 46. Kd6 1-0

[Event "*** Titled Tuesday Blitz"]
[Site "Chess.com"]
[Date "2020.10.27"]
[Round "10"]
[White "GukeshDommaraju"]
[Black "ftorodent"]
[Result "1-0"]
[WhiteElo "2830"]
[BlackElo "2667"]
[TimeControl "180+1"]
[EndTime "11:56:57 PDT"]
[Termination "GukeshDommaraju won by resignation"]

1. d4 d5 2. Nf3 Nf6 3. Bf4 c5 4. e3 Nc6 5. Nbd2 cxd4 6. exd4 Qb6 7. Nb3 Bg4 8. Be2 e6 9. O-O Be7 10. c3 O-O 11. a4 Na5 12. Nxa5 Qxa5 13. Ne5 Bxe2 14. Qxe2 a6 15. h3 Rfc8 16. Rfe1 Qd8 17. Bg5 Ne4 18. Bxe7 Qxe7 19. c4 f6 20. cxd5 exd5 21.
Ng4 Qd6 22. Ne3 Re8 23. Rac1 Rad8 24. Rc2 Qf4 25. Qd3 Ng5 26. Qb3 Qxd4 27. Rc7 Ne6 28. Rxb7 Nc5 29. Qb6 Qd2 30. Rd1 Qxd1+ 31. Nxd1 Nxb7 32.
Ne3 d4 33. Nf5 Rd7 34. Nxd4 a5 35. Nf5 g6 36. Nh6+ Kg7 37. Ng4 Nd6 38. Qc6 Red8 39.
Kh2 h5 40. Ne3 Nf7 41. Nc4 Rd5 42. b3 Rf5 43. Qc7 Rd3 44. f3 Rxb3 45. Nd6 1-0

[Event "*** Titled Tuesday Blitz"]
[Site "Chess.com"]
[Date "2020.10.27"]
[Round "10"]
[White "JozefKneht"]
[Black "druskacik"]
[Result "1-0"]
[WhiteElo "2428"]
[BlackElo "2581"]
[TimeControl "180+1"]
[EndTime "11:56:57 PDT"]
[Termination "JozefKneht won on time"]

1. Nf3 c5 2. e4 Nc6 3. d4 cxd4 4. Nxd4 g6 5. c4 Bg7 6. Be3 Nf6 7. Nc3 O-O 8. Be2 d6 9. Qd2 Bd7 10. f3 Nxd4 11. Bxd4 a5 12. b3 Bc6 13. O-O Nd7 14. Be3 Nc5 15. Rab1 Qb6 16. Rfc1 Rfc8 17. Rc2 h5 18.
Bf1 Qd8 19. Qf2 Ne6 20. a3 Kh7 21. b4 axb4 22. axb4 Ra3 23. Qd2 Rca8 24. Kh1 Qh8 25. Nd5 Bxd5 26. exd5 Nd4 27. Bxd4 Bxd4 28. c5 Qf6 29. c6 bxc6 30. dxc6 Be5 31. Qf2 h4 32. b5 Qf4 33. g3 hxg3 34. hxg3 Qf5 35. f4 Kg7 36.
Kg1 Bf6 37. b6 Qe4 38. Bg2 Qd3 39. b7 Rh8 40. c7 Bd4 41. b8=Q Bxf2+ 42. Kxf2 Qe3+ 43.
Kf1 Qd3+ 44. Ke1 Qxg3+ 45. Rf2 Re3+ 46. Kf1 1-0

[Event "*** Titled Tuesday Blitz"]
[Site "Chess.com"]
[Date "2020.10.27"]
[Round "10"]
[White "KuzubovYuriy"]
[Black "DenLaz"]
[Result "1/2-1/2"]
[WhiteElo "2890"]
[BlackElo "2789"]
[TimeControl "180+1"]
[EndTime "11:56:58 PDT"]
[Termination "Game drawn - insufficient material"]

1. c4 c6 2. Nf3 d5 3. d4 Nf6 4. Nc3 dxc4 5. a4 Bf5 6. Nh4 e6 7. Nxf5 exf5 8. e3 Bb4 9. Bxc4 O-O 10. Qc2 g6 11. O-O Nbd7 12. f3 Nb6 13. Ba2 a5 14.
Kh1 Rc8 15. Bd2 f4 16. exf4 Qxd4 17. Rad1 Nbd5 18. f5 Qh4 19. g3 Qh5 20. fxg6 hxg6 21. Bc1 Kg7 22. Ne4 Rh8 23. Qg2 Rce8 24. Bxd5 Nxd5 25. b3 f6 26. Bb2 Qf5 27. Rxd5 cxd5 28. Nxf6 Kf7 29. Nxe8 Rxe8 30. Rd1 Re3 31. f4 Rxb3 32. Bd4 Qe4 33. Qxe4 dxe4 34. Kg2 Ke6 35. g4 Ra3 36. h4 Rxa4 37. h5 gxh5 38. gxh5 Ra2+ 39.
Kg3 Ra3+ 40. Kg4 Rd3 41. Rxd3 exd3 42. Kf3 Bf8 43. Ke3 Kf5 44. Kxd3 Kxf4 45. Kc4 a4 46.
Bb2 Kg5 47. Kb5 a3 48. Bxa3 Bxa3 49. Kb6 Kxh5 50. Kxb7 1/2-1/2

[Event "*** Titled Tuesday Blitz"]
[Site "Chess.com"]
[Date "2020.10.27"]
[Round "10"]
[White "esapunov"]
[Black "vugarrasulov"]
[Result "0-1"]
[WhiteElo "2696"]
[BlackElo "2880"]
[TimeControl "180+1"]
[EndTime "11:56:58 PDT"]
[Termination "vugarrasulov won by resignation"]

1. c4 Nf6 2. Nf3 g6 3. Nc3 Bg7 4. e4 O-O 5. d4 d6 6. Be2 Bg4 7.
Be3 Nfd7 8. Rc1 Nc6 9. d5 Bxf3 10.
Bxf3 Na5 11. Be2 c5 12. O-O a6 13. f4 Rb8 14. b3 Qb6 15. Kh1 Qb4 16. Bd2 Qb6 17.
Bd3 Qc7 18. Qf3 Nb6 19. h4 Nc8 20. h5 Na7 21. hxg6 hxg6 22. e5 b5 23. e6 bxc4 24.
bxc4 Rb2 25. Rf2 Bd4 26. Re2 f5 27. g4 Kg7 28. gxf5 Rh8+ 29. Kg2 Qd8 30. Ne4 gxf5 31. Ng3 Kf8 32. Rh1 Rxh1 33. Kxh1 Qe8 34. Bxf5 Nxc4 35.
Bc1 Rxe2 36. Nxe2 Bf6 37. Kg2 Nb5 38. Qg4 Nd4 39. Ng3 Nxf5 40. Nxf5 Qa4 41. Qg6 Qc2+ 42.
Kh3 Qd3+ 43. Be3 Qf1+ 44. Kg3 Bh4+ 45. Kxh4 Qh1+ 46. Kg4 Qg2+ 47. Ng3 Nxe3+ 48. Kh5 Qh3+ 49. Kg5 Qxg3+ 0-1

[Event "*** Titled Tuesday Blitz"]
[Site "Chess.com"]
[Date "2020.10.27"]
[Round "10"]
[White "Khazieva_Elza"]
[Black "MarkEvgenievich"]
[Result "0-1"]
[WhiteElo "2460"]
[BlackElo "2339"]
[TimeControl "180+1"]
[EndTime "11:57:00 PDT"]
[Termination "MarkEvgenievich won by checkmate"]

1. e4 c5 2. Nf3 Nc6 3. d3 g6 4. g3 Bg7 5. Bg2 e5 6. O-O d6 7. Nc3 Nge7 8. Nd2 O-O 9. Nc4 Be6 10.
a4 f5 11. Nd5 Bxd5 12. exd5 Nb4 13. Bg5 Bf6 14. Bxf6 Rxf6 15. c3 Nbxd5 16. Qb3 Rf7 17.
Qxb7 Nc7 18. f4 exf4 19. gxf4 d5 20. Ne5 Rf6 21. Qb3 Rb8 22. Qa3 Ne6 23. a5 Qd6 24. Rae1 Nc6 25. Nxc6 Qxc6 26. c4 Nc7 27. cxd5 Qd6 28.
Re5 Nb5 29. Qa4 Nd4 30. Rfe1 Rf7 31. Re8+ Rxe8 32. Qxe8+ Kg7 33. Qe5+ Qf6 34. d6 Rd7 35. Kf2 Rxd6 36. Rc1 Ne6 37. Qxd6 Qxb2+ 38. Kg3 Qxc1 39. Qxe6 Kh6 40. Qd5 Qe1+ 41. Kh3 Qxa5 42. Qc4 Qb4 43. Qd5 Qxf4 44. Qc6 Qg4# 0-1

[Event "*** Titled Tuesday Blitz"]
[Site "Chess.com"]
[Date "2020.10.27"]
[Round "10"]
[White "natelleka"]
[Black "sopo-tereladze"]
[Result "0-1"]
[WhiteElo "2193"]
[BlackElo "2318"]
[TimeControl "180+1"]
[EndTime "11:57:00 PDT"]
[Termination "sopo-tereladze won on time"]

1. e4 e5 2. Nf3 Nc6 3. Bb5 a6 4. Ba4 Nf6 5. O-O Be7 6. Re1 b5 7. Bb3 O-O 8. d4 d6 9. c3 Bg4 10. Be3 Na5 11. Bc2 Nc4 12. Bc1 exd4 13. cxd4 c5 14.
b3 Nb6 15. Nbd2 cxd4 16. Bb2 Nbd7 17. Bxd4 Ne5 18. h3 Bh5 19. g4 Nxf3+ 20. Qxf3 Bg6 21. Rad1 Nd7 22. Nf1 Rc8 23. Bb1 Qc7 24. Qg3 Ne5 25.
f4 Bh4 26. Qe3 Bxe1 27. Rxe1 Nc6 28. f5 Nxd4 29. Qxd4 Rce8 30. Ne3 d5 31. fxg6 Qg3+ 32. Ng2 fxg6 33. Qxd5+ Kh8 34. Qc5 Rf3 35. Rf1 Rxf1+ 36. Kxf1 Qxh3 37. Kg1 Qxg4 38. Bc2 h5 39. e5 Qg5 40.
Qc6 Rxe5 41. Bxg6 Re1+ 42. Kf2 Qd2+ 43. Kg3 Qg5+ 0-1

[Event "*** Titled Tuesday Blitz"]
[Site "Chess.com"]
[Date "2020.10.27"]
[Round "10"]
[White "geordie_derraugh"]
[Black "Paladin61"]
[Result "0-1"]
[WhiteElo "2408"]
[BlackElo "2591"]
[TimeControl "180+1"]
[EndTime "11:57:01 PDT"]
[Termination "Paladin61 won by resignation"]

1. e4 g6 2. d4 Bg7 3. Nf3 d6 4. h3 Nf6 5. Bd3 O-O 6. O-O Nc6 7. c3 e5 8. Bg5 h6 9. Bh4 Qe8 10. Re1 Nh5 11. Bg3 Nxg3 12. fxg3 exd4 13. Kh2 Be6 14. Bb5 dxc3 15. Nxc3 a6 16. Ba4 b5 17. Bc2 Ne5 18.
Nd5 Rc8 19. Rb1 c6 20. Nb4 a5 21. Nd3 Nxd3 22. Qxd3 Bxa2 23. Ra1 Bc4 24. Qxd6 Bxb2 25. Rxa5 Bc3 26. Ra7 Bxe1 27. Nxe1 Qe6 28. Qf4 g5 29. Qe3 Ra8 30. Rc7 Rfc8 31. Rb7 Rcb8 32. Rc7 Qd6 33. Ra7 Rxa7 34. Qxa7 b4 35. e5 Qxe5 36. Nf3 Qd6 37. Nd4 Re8 38. Nf5 Qf6 39. Qc5 Bd5 40. Qxb4 h5 41.
Qd2 h4 42. Qd3 Qe5 43. Qd2 hxg3+ 44. Nxg3 Qf4 45. Qd3 Re3 46. Qh7+ Kf8 47. Qh8+ Ke7 48. Kg1 Qxg3 49. Qa1 Re1+ 0-1

[Event "*** Titled Tuesday Blitz"]
[Site "Chess.com"]
[Date "2020.10.27"]
[Round "10"]
[White "Evachess2006"]
[Black "parintele_chess"]
[Result "0-1"]
[WhiteElo "1642"]
[BlackElo "2151"]
[TimeControl "180+1"]
[EndTime "11:57:02 PDT"]
[Termination "parintele_chess won by resignation"]

1. e4 d6 2. d4 Nf6 3. Nc3 g6 4. Nf3 Bg7 5. Bd3 O-O 6. O-O Nc6 7. e5 dxe5 8. dxe5 Nd5 9. Re1 Nxc3 10. bxc3 Bg4 11. Bf4 Qd5 12. Be4 Qxd1 13. Raxd1 Rad8 14. Rxd8 Rxd8 15. e6 Bxe6 16. Bxc7 Rc8 17. Bf4 Bxc3 18. Rb1 b6 19. a3 Nd4 20. Nxd4 Bxd4 21. Rb4 Bc5 22. Ra4 a5 23. Be3 Bxe3 24. fxe3 Rc4 25. Rxc4 Bxc4 26. Kf2 f5 27. Bc6 Kf7 28. Ke1 Ke6 29. g3 Kd6 30. Be8 e5 31. Kd2 g5 32.
Bh5 h6 33. Be8 Be6 34. Bh5 e4 35. Bd1 Ke5 36. Kc3 f4 37. exf4+ gxf4 38. gxf4+ Kxf4 39. Kd2 e3+ 40. Ke1 Bg4 41. Be2 Bxe2 42. Kxe2 Ke4 43. h4 h5 44. a4 Kd4 45. c3+ Kxc3 46. Kxe3 Kb4 47. Kf4 Kxa4 48. Kg5 Kb3 49. Kxh5 a4 50. Kg6 a3 51. h5 a2 52. h6 a1=Q 53. Kh7 Kc2 54.
Kg8 b5 55. h7 b4 56. h8=Q Qxh8+ 0-1

[Event "*** Titled Tuesday Blitz"]
[Site "Chess.com"]
[Date "2020.10.27"]
[Round "10"]
[White "MatyChess1"]
[Black "mbojan"]
[Result "1-0"]
[WhiteElo "2572"]
[BlackElo "2698"]
[TimeControl "180+1"]
[EndTime "11:57:04 PDT"]
[Termination "MatyChess1 won by checkmate"]

1. e4 c5 2. Nf3 Nc6 3. d4 cxd4 4. Nxd4 Nf6 5. Nc3 e5 6. Ndb5 h6 7. Nd5 Nxd5 8. exd5 a6 9. Nc3 Nd4 10. Bd3 d6 11. O-O Be7 12. Be3 Nf5 13. Bd2 O-O 14. Ne2 Bg5 15. c4 Bxd2 16. Bxf5 Bxf5 17. Qxd2 Rc8 18.
Rac1 Bd7 19. b4 a5 20. a3 axb4 21. axb4 b6 22. f4 Re8 23. Kh1 exf4 24. Rxf4 Qg5 25. Ng3 Re5 26. Qf2 b5 27. c5 dxc5 28. Rf1 Be8 29.
bxc5 Rxd5 30. Ne4 Qg6 31. Nd6 Rxd6 32. cxd6 Qxd6 33. Qg3 Rd8 34. Qe3 Rc8 35. Qg3 Rd8 36. Qe3 Qd2 37. Qg3 Qd3 38. Qf2 Rd6 39. Rf3 Qd5 40.
Qg3 Bd7 41. h3 Be6 42. Rf4 Rd8 43. Rh4 Kh7 44. Rhf4 Rc8 45. Qe3 Rc4 46. Rxc4 bxc4 47. Qc3 Qg5 48. Rf3 Qg6 49. Rg3 Qb1+ 50. Kh2 Qb8 51.
Qxg7# 1-0

[Event "*** Titled Tuesday Blitz"]
[Site "Chess.com"]
[Date "2020.10.27"]
[Round "10"]
[White "AndrewMaco"]
[Black "Harsha_Bharathakoti"]
[Result "1-0"]
[WhiteElo "2673"]
[BlackElo "2804"]
[TimeControl "180+1"]
[EndTime "11:57:06 PDT"]
[Termination "AndrewMaco won on time"]

1. e4 c5 2. Nf3 d6 3. d4 cxd4 4. Nxd4 Nf6 5. Nc3 Nc6 6. Bg5 e6 7. Qd2 a6 8. O-O-O Bd7 9. f3 Rc8 10. Kb1 b5 11. Nxc6 Bxc6 12. Ne2 Be7 13. Nd4 Bd7 14.
h4 h5 15. Bd3 Qb6 16. Be3 Qc7 17. Bg5 Rb8 18. f4 b4 19. Rhe1 a5 20. e5 dxe5 21. fxe5 Nd5 22. Bxe7 Nxe7 23. Qg5 g6 24. Qf6 Rf8 25.
Be4 Rb6 26. Re3 Qc5 27. Red3 Nd5 28. Bxd5 exd5 29. Qg7 Bg4 30. Rf1 a4 31. Qh6 Qe7 32. Qe3 Qc5 33. g3 Kd7 34. Qd2 Kc8 35. Rc1 Kb8 36. Qf4 Ka7 37. Re1 Rb7 38. Qf6 Rc8 39. Qf4 Bf5 40. Rd2 b3 41. axb3 axb3 42. Nxf5 bxc2+ 43.
Kc1 gxf5 44. Qf2 Qxf2 45. Rxf2 Rb3 46. Rxf5 Rxg3 47. Rxf7+ Kb6 48. Rf2 Rg4 49. e6 1-0

[Event "*** Titled Tuesday Blitz"]
[Site "Chess.com"]
[Date "2020.10.27"]
[Round "10"]
[White "Skatchkov_V"]
[Black "PavelShkapenko"]
[Result "0-1"]
[WhiteElo "2486"]
[BlackElo "2638"]
[TimeControl "180+1"]
[EndTime "11:57:08 PDT"]
[Termination "PavelShkapenko won on time"]

1. d4 Nf6 2. c4 e6 3. Nf3 Bb4+ 4. Nbd2 O-O 5. a3 Be7 6. e4 d6 7. b4 a5 8. Bb2 e5 9. d5 c6 10. Be2 Na6 11. O-O Bg4 12. Qb3 axb4 13. axb4 c5 14. b5 Nb4 15. Bc3 Nh5 16. g3 f5 17. exf5 Rxf5 18.
Bxb4 cxb4 19. Nd4 Bxe2 20. Nxf5 Bxf1 21. Nxe7+ Kf7 22. Rxf1 Qxe7 23. Qxb4 Nf6 24. Qc3 Rc8 25. Re1 Nxd5 26. Qd3 Nf6 27. f4 Qc7 28. Nf3 Qc5+ 29.
Kg2 e4 30. Ng5+ Qxg5 31. fxg5 exd3 32. gxf6 Kxf6 33. Rd1 Rxc4 34. Rxd3 Ke5 35. Kf3 d5 36. Re3+ Kd6 37. Re8 Rc7 38. Rh8 h6 39. Ke3 Kc5 40. Rd8 Re7+ 41. Kd3 Rf7 42. Ke3 b6 43. Ke2 Kc4 44.
Ke3 Re7+ 45. Kd2 d4 46. Rd6 Kc5 47. Rd8 Rf7 48. Kd3 Rf3+ 49. Kd2 Rb3 50. Rd7 g5 51. Rh7 Rb2+ 52. Kd3 Rxh2 53. Rc7+ Kxb5 54. Kxd4 Rg2 55.
Rh7 Rxg3 56. Rxh6 Ka5 57. Rh8 Kb4 58. Rg8 b5 59. Rb8 g4 60. Kd5 Rc3 0-1

[Event "*** Titled Tuesday Blitz"]
[Site "Chess.com"]
[Date "2020.10.27"]
[Round "10"]
[White "ural58"]
[Black "SilviusTiberius"]
[Result "1-0"]
[WhiteElo "2360"]
[BlackElo "2501"]
[TimeControl "180+1"]
[EndTime "11:57:12 PDT"]
[Termination "ural58 won by resignation"]

1. e4 e5 2. f4 exf4 3. Bc4 d6 4. Nc3 Nf6 5. d4 g5 6. h4 Ng4 7. Nf3 Bh6 8. hxg5 Bxg5 9. Nd5 Ne3 10. Bxe3 fxe3 11. Nxg5 Qxg5 12. Qf3 Kd8 13. Nxe3 Nc6 14. O-O-O Be6 15. Bxe6 fxe6 16. Kb1 Ke7 17. Qh3 Raf8 18. d5 Nd8 19. dxe6 Nxe6 20. Nd5+ Kd7 21. Nxc7 Kxc7 22.
Qxe6 Qe5 23. Qxe5 dxe5 24. Rd5 Rf2 25. Rxe5 Rxg2 26. b3 Rg7 27. Kb2 b6 28. a4 a5 29.
Rh6 Rb8 30. Reh5 Rh8 31. Rb5 Rb8 32. c4 Rb7 33. Ka3 Re7 34. Rbh5 Kb8 35. Rf5 Rxe4 36. Rf8+ Ka7 37. Rd6 Rg7 38. Rdd8 Re2 39. Ra8+ Kb7 40.
Rfb8+ Kc7 41. Rc8+ Kd7 42. Rd8+ Kc6 43. Rac8+ Rc7 44. Rb8 Rh2 45. Rd5 Rg7 46. Rb5 Rgg2 47. R8xb6+ Kc7 48. Rb7+ Kd8 49. Rxa5 Ra2+ 50. Kb4 Kc8 51.
Rg7 Kb8 52. Re5 Rxa4+ 53. Kxa4 Ra2+ 54. Kb4 1-0

[Event "*** Titled Tuesday Blitz"]
[Site "Chess.com"]
[Date "2020.10.27"]
[Round "10"]
[White "ChessWarrior7197"]
[Black "Supernotar"]
[Result "1-0"]
[WhiteElo "2986"]
[BlackElo "2856"]
[TimeControl "180+1"]
[EndTime "11:57:13 PDT"]
[Termination "ChessWarrior7197 won by checkmate"]

1. e4 c6 2. d4 d5 3. exd5 cxd5 4. Bd3 Nc6 5. c3 Qc7 6. Ne2 Bg4 7. O-O Bh5 8. Qe1 e6 9. Nf4 Bg6 10. Nxd5 Qd8 11.
Nf4 Nf6 12. Nxg6 hxg6 13. Nd2 Bd6 14. Nf3 Qc7 15. h3 O-O-O 16. b4 Rh5 17. b5 Ne7 18. c4 Nf5 19. c5 Nxd4 20. Nxd4 Bxc5 21. Nxe6 fxe6 22.
Qxe6+ Kb8 23. Bxg6 Re5 24. Qb3 Re2 25. Qf3 Qe7 26. Be3 Rxe3 27. fxe3 Bxe3+ 28. Kh1 Bb6 29. Rae1 Qc5 30. a4 Bc7 31. g3 Qg5 32. Be4 Nh5 33. g4 Ng3+ 34. Kg2 Nxf1 35. Rxf1 Qe5 36. Rf2 Qh2+ 37.
Kf1 Qe5 38. Bxb7 Bb6 39. Ba8 Qc7 40. Rc2 Qe7 41. Kg2 Rf8 42. Qe4 Qf7 43. Qf3 Qe7 44.
Qd5 Rd8 45. Qe4 Qf7 46. Bc6 Rf8 47. Qf3 Qe7 48. Qe2 Qf7 49. Bf3 Qf6 50. Qe4 Qf7 51. Qa8# 1-0

[Event "*** Titled Tuesday Blitz"]
[Site "Chess.com"]
[Date "2020.10.27"]
[Round "10"]
[White "MomchilPetkov"]
[Black "TregubovP"]
[Result "1-0"]
[WhiteElo "2646"]
[BlackElo "2528"]
[TimeControl "180+1"]
[EndTime "11:57:15 PDT"]
[Termination "MomchilPetkov won on time"]

1. d4 Nf6 2. Bf4 d5 3. e3 c5 4. Nd2 Nc6 5. c3 Bf5 6. Ngf3 h6 7. Qb3 Qc8 8. Ne5 e6 9. Bb5 Nd7 10. Ndf3 f6 11. Nxd7 Qxd7 12. c4 a6 13. Bxc6 bxc6 14. O-O Be7 15. dxc5 Bxc5 16. Rac1 Bd6 17. Bxd6 Qxd6 18.
Nd4 Rb8 19. Qa4 O-O 20. Qxc6 Qxc6 21. Nxc6 Rxb2 22. Ne7+ Kf7 23. Nxf5 exf5 24. cxd5 Rd8 25. Rc7+ Kg6 26. g4 Rxd5 27. gxf5+ Rxf5 28. a4 h5 29. Rc4 a5 30. h4 Kh6 31. Kg2 Kg6 32. Kg3 Kf7 33. Rc7+ Kg6 34. Rc4 Kh6 35. Rd4 Ra2 36. Rc4 Kg6 37. Rd4 Rc5 38. Kf3 Rf5+ 39. Kg3 Kh6 40. Rc4 g5 41. hxg5+ fxg5 42. Rc6+ Kg7 43.
Rb1 Rxa4 44. Rb7+ Rf7 45. Rxf7+ Kxf7 46. f4 gxf4+ 47. exf4 Kg7 48. Ra6 Kh7 49. Kh4 Rxf4+ 50. Kxh5 a4 51. Ra7+ Kg8 52. Kg6 Rb4 53. Ra8+ 1-0

[Event "*** Titled Tuesday Blitz"]
[Site "Chess.com"]
[Date "2020.10.27"]
[Round "10"]
[White "ARTHURMOTIVATOR"]
[Black "vanyakuba"]
[Result "0-1"]
[WhiteElo "2366"]
[BlackElo "2515"]
[TimeControl "180+1"]
[EndTime "11:57:16 PDT"]
[Termination "vanyakuba won by resignation"]

1. e4 d5 2. exd5 Qxd5 3. Nc3 Qa5 4. d4 Nf6 5. Bc4 Bg4 6. Ne2 Nc6 7. f3 Be6 8. Bxe6 fxe6 9. Bd2 O-O-O 10. Ne4 Qd5 11.
N2c3 Qxd4 12. Qe2 Nxe4 13. fxe4 Qe5 14. O-O-O g6 15. Rhf1 Bg7 16. Qc4 Rd4 17. Qb3 Rhd8 18. Nb5 Rxe4 19. Bc3 Qg5+ 20. Kb1 Rxd1+ 21. Rxd1 Bxc3 22.
Qxc3 Qe5 23. Qd2 b6 24. Qd3 Kb7 25. a3 a6 26. Nc3 Rd4 27. Qf3 Rxd1+ 28. Nxd1 Qd5 29.
Qe2 Nd4 30. Qe1 Nf5 31. g3 Qc6 32. Nc3 b5 33. Qe2 Qd6 34. Qe4+ Qc6 35. Qe2 Nd6 36. g4 Nc4 37. h4 Nxa3+ 38. bxa3 Qxc3 39. Qxe6 Qc5 40. Qe4+ Kb6 41. Qe6+ Qd6 42. Qe3+ c5 43. h5 b4 44. axb4 Kb5 45. bxc5 Qxc5 46. Qb3+ Qb4 47. Kb2 Qxb3+ 48. Kxb3 gxh5 49. Kc3 hxg4 50. Kd3 Kc5 51.
Ke3 a5 52. Kf4 a4 53. Kxg4 a3 54. Kf5 a2 55. Ke6 a1=Q 56. Kxe7 Qc3 57. Kd7 Qxc2 58. Ke7 Qe4+ 0-1

[Event "*** Titled Tuesday Blitz"]
[Site "Chess.com"]
[Date "2020.10.27"]
[Round "10"]
[White "Leonid_Starozhilov"]
[Black "Mikasinski"]
[Result "1-0"]
[WhiteElo "2638"]
[BlackElo "2488"]
[TimeControl "180+1"]
[EndTime "11:57:19 PDT"]
[Termination "Leonid_Starozhilov won by resignation"]

1. e4 c5 2. Nf3 d6 3. Bb5+ Bd7 4. Bxd7+ Qxd7 5. O-O g6 6. c4 Bg7 7. Nc3 Nf6 8. d4 cxd4 9. Nxd4 O-O 10. f3 Nc6 11. Be3 Rfd8 12. Rc1 a6 13. Na4 Nxd4 14. Nb6 Qc6 15.
Nxa8 e5 16. Bxd4 exd4 17. Qxd4 Rxa8 18. c5 dxc5 19. Qxc5 Qxc5+ 20. Rxc5 Nxe4 21. Rc7 Bd4+ 22. Kh1 Nf2+ 23. Kg1 Nd3+ 24. Kh1 Re8 25. Rd7 Nf2+ 26. Kg1 Be3 27. g3 Ne4+ 28. Kg2 Nc5 29. Rc7 b6 30.
Re1 Re6 31. b4 Nd3 32. Rc8+ Kg7 33. Re2 a5 34. Rc3 Bd4 35. Rxe6 Bxc3 36. Rd6 Nxb4 37. a4 Bb2 38. Rxb6 Nd3 39. Rb5 Bc3 40. Rb3 Ne1+ 41. Kf1 Nc2 42. Rxc3 Nd4 43. Rc4 Nxf3 44. Rc5 Nxh2+ 45.
Kg2 Ng4 46. Rxa5 Ne3+ 47. Kh3 h5 48. Ra8 Kh6 49. a5 g5 50. a6 g4+ 51. Kh2 Nf1+ 52. Kg2 Ne3+ 53. Kg1 Nd5 54. a7 Nc7 55. Rc8 1-0

[Event "*** Titled Tuesday Blitz"]
[Site "Chess.com"]
[Date "2020.10.27"]
[Round "10"]
[White "Morshynska"]
[Black "Mimsychess"]
[Result "1/2-1/2"]
[WhiteElo "2216"]
[BlackElo "2324"]
[TimeControl "180+1"]
[EndTime "11:57:20 PDT"]
[Termination "Game drawn by stalemate"]

1. Nf3 Nf6 2. g3 c5 3. Bg2 Nc6 4. d4 cxd4 5. Nxd4 g6 6. c4 Bg7 7.
Nc3 O-O 8. O-O Qa5 9. Nb3 Qh5 10. e4 Qxd1 11. Rxd1 d6 12. c5 dxc5 13. Nxc5 Ng4 14. h3 Nge5 15. Nd5 e6 16. Nc7 Rb8 17. Nb5 b6 18.
Nd3 Nxd3 19. Rxd3 Ba6 20. a4 Nb4 21. Rd7 Rfd8 22. Rxd8+ Rxd8 23. Bg5 Rd7 24. Rb1 h6 25. Bf4 g5 26. Bb8 Bxb5 27. axb5 Nd3 28. Rd1 Bxb2 29.
Bxa7 Nc5 30. Rb1 Rxa7 31. Rxb2 Ra1+ 32. Kh2 Nd3 33. Rd2 Ra3 34. Bf1 Nc5 35. Bg2 Kg7 36. Rd6 Ra2 37. Kg1 Ra1+ 38. Kh2 Ra2 39. Rxb6 Rxf2 40.
Kg1 Rb2 41. Rb8 f5 42. exf5 exf5 43. b6 f4 44. gxf4 gxf4 45. b7 Rb3 46. Rc8 Nxb7 47.
Rc7+ Kg6 48. Rxb7 Rxb7 49. Bxb7 f3 50. Bxf3 Kg7 51. Bg4 Kh8 52. Kf2 Kg7 53. Kg3 Kh8 54. Kh4 Kg7 55. Kh5 Kh8 56. Kxh6 Kg8 57. Kg6 Kh8 58. Bf5 Kg8 59. h4 Kh8 60. h5 Kg8 61. h6 Kh8 62. h7 1/2-1/2

[Event "*** Titled Tuesday Blitz"]
[Site "Chess.com"]
[Date "2020.10.27"]
[Round "10"]
[White "Sychev_Klementy"]
[Black "BilodeauA"]
[Result "1-0"]
[WhiteElo "2898"]
[BlackElo "2914"]
[TimeControl "180+1"]
[EndTime "11:57:21 PDT"]
[Termination "Sychev_Klementy won on time"]

1. e4 e5 2. Nf3 Nc6 3. Bb5 a6 4. Ba4 d6 5. O-O Bd7 6. c4 Nge7 7. d4 Ng6 8. d5 Nb8 9. Nc3 Be7 10. h3 O-O 11.
Be3 f5 12. Bxd7 Qxd7 13. Qb3 b6 14. c5 fxe4 15. c6 Qf5 16. Nd2 a5 17. Ndxe4 Na6 18. Ng3 Qf7 19. Rad1 Nh4 20. f3 Qg6 21. Kh2 Nc5 22.
Qc4 h5 23. Nce4 Kh8 24. Rd2 Nf5 25. Nxf5 Rxf5 26. Ng3 Rff8 27. Qc2 Qf7 28. f4 Bh4 29. f5 a4 30. Ne4 Ra5 31. Ng5 Bxg5 32. Bxg5 e4 33.
f6 g6 34. Rd4 Re8 35. Qd2 Nd3 36. Qe3 Rxd5 37. Rxd5 Qxd5 38. f7 Rf8 39. Be7 Qe5+ 40. Kh1 Qg7 41. Bxf8 Qxf8 42. Qxe4 Ne5 43. Qf4 Kg7 44.
Qf6+ Kh7 45. Qe6 Kg7 46. Qf6+ Kh7 47. Rf2 Kh6 48. Rf4 Kh7 49. Kh2 b5 50. g4 hxg4 51.
hxg4 Qh6+ 52. Kg2 Qf8 53. g5 Nxf7 54. Qxf7+ 1-0

[Event "*** Titled Tuesday Blitz"]
[Site "Chess.com"]
[Date "2020.10.27"]
[Round "10"]
[White "WanderingPuppet"]
[Black "XDPS"]
[Result "0-1"]
[WhiteElo "2506"]
[BlackElo "2731"]
[TimeControl "180+1"]
[EndTime "11:57:23 PDT"]
[Termination "XDPS won on time"]

1. e4 e5 2. Nf3 Nc6 3. Bb5 a6 4. Ba4 d6 5. O-O Bd7 6. c3 g6 7. d4 Bg7 8. Bg5 f6 9. Be3 Nh6 10. dxe5 dxe5 11. Qd5 Qe7 12. Na3 O-O-O 13. Qc5 Qxc5 14.
Bxc5 b6 15. Be3 Ng4 16. Bc1 h5 17. h3 Nh6 18. Nc2 g5 19. Kh2 Ne7 20. Bxd7+ Rxd7 21. Be3 Rhd8 22. a4 Ng6 23. Na3 g4 24. Ng1 Nf4 25.
Nc4 Kb7 26. Bxf4 exf4 27. Ne2 f3 28. Nf4 fxg2 29. Kxg2 gxh3+ 30. Kxh3 f5 31. e5 Ng4 32. Ne6 Rg8 33. Nxg7 Rdxg7 34. Rad1 b5 35. axb5 axb5 36. Na5+ Kb6 37. b4 Nxe5 38. Rd5 Ng4 39. Rxf5 c6 40. Nb3 Rd8 41. Nd4 Rd6 42. Rf8 Kb7 43. Rf5 Kb6 44. Rxh5 Nf6 45. Nf5 Nxh5 46. Nxd6 Nf4+ 47.
Kh4 Rd7 48. Nf5 Rd5 49. Nd4 Nd3 50. Kg4 c5 51. bxc5+ Kxc5 52. Ne6+ Kc4 53. f4 Kxc3 54. Rf3 b4 55. f5 b3 56. Nf4 Rd4 0-1

[Event "*** Titled Tuesday Blitz"]
[Site "Chess.com"]
[Date "2020.10.27"]
[Round "10"]
[White "MaxLeto"]
[Black "enriquetejedor"]
[Result "1-0"]
[WhiteElo "2357"]
[BlackElo "2453"]
[TimeControl "180+1"]
[EndTime "11:57:23 PDT"]
[Termination "MaxLeto won by checkmate"]

1. g4 d5 2. Bg2 Bxg4 3. c4 dxc4 4.
Bxb7 Nd7 5. Bxa8 Qxa8 6. f3 e5 7. Qa4 Be6 8. Na3 Bb4 9. Qxb4 Ngf6 10. Nxc4 c5 11. Qa4 O-O 12. b3 e4 13. Bb2 Re8 14.
O-O-O Bd5 15. Nd6 Re6 16. Nxe4 Nxe4 17. fxe4 Nb6 18. Qb5 Bxe4 19. Nf3 c4 20. Rhg1 Bg6 21.
Nd4 Re8 22. Qc6 Qd8 23. bxc4 Qb8 24. d3 Rc8 25. Qb5 a6 26. Qb4 Qa7 27. Nb3 Nd5 28.
Qa5 Nf4 29. Rd2 Qe3 30. Re1 Ng2 31. Rd1 Nf4 32. Qe5 Nxe2+ 33. Kb1 Qxe5 34. Bxe5 Rd8 35. Rxe2 f6 36. Bc3 Bh5 37. Red2 Re8 38. Kc2 a5 39. Rf1 a4 40. Nc5 a3 41. Nb3 Rc8 42. c5 Bg6 43. Bb4 Rb8 44. Kc3 h5 45. d4 Bf7 46. d5 Re8 47. d6 Re3+ 48. Rd3 Rxd3+ 49. Kxd3 Be8 50. Re1 Bb5+ 51. Kc3 Kf7 52. Re7+ Kg6 53. d7 Kf5 54. d8=Q g5 55. Rf7 Kg4 56. Qxf6 h4 57. Qf3# 1-0

[Event "*** Titled Tuesday Blitz"]
[Site "Chess.com"]
[Date "2020.10.27"]
[Round "10"]
[White "bsnsun"]
[Black "doons21"]
[Result "0-1"]
[WhiteElo "2464"]
[BlackElo "2568"]
[TimeControl "180+1"]
[EndTime "11:57:27 PDT"]
[Termination "doons21 won by resignation"]

1. d4 Nf6 2. Nf3 g6 3. c4 Bg7 4. g3 O-O 5. Bg2 d6 6. Nc3 c6 7.
O-O Bf5 8. Nh4 Be6 9. Qd3 d5 10. cxd5 cxd5 11. Nf3 Nc6 12. Qb5 Qb6 13. Qxb6 axb6 14.
e3 Ne4 15. Nxe4 dxe4 16. Ng5 Bc4 17. Re1 f5 18. Bd2 Bxa2 19. f3 h6 20. Nh3 exf3 21. Bxf3 Bf7 22. Nf4 Rfd8 23. Rxa8 Rxa8 24. Nd5 Ra2 25.
Bc3 b5 26. Re2 Kh7 27. Nb4 Nxb4 28. Bxb4 e5 29. dxe5 Bxe5 30. Bc3 Bxc3 31. bxc3 Rxe2 32. Bxe2 Be8 33. Kf2 Kg7 34. Bd1 Kf6 35. Ke2 Ke5 36. Kd3 Bc6 37. Bb3 Be4+ 38. Kd2 g5 39. h4 gxh4 40.
gxh4 f4 41. Ke2 Bc6 42. Kf2 fxe3+ 43. Kxe3 Kf5 44. Bd1 Ke5 45. Be2 Kd5 46. Bf1 Kc5 47.
Kf4 Be8 48. Kf5 b4 49. c4 b3 50. Bd3 Kd4 51. Bb1 b2 52. Kf6 Bc6 53. Kg7 Be4 54.
Ba2 h5 55. Bb1 Bxb1 0-1